 Dungeon Crawl Stone Soup version 0.29.0-11-gd7f09526c8 (webtiles) character file.

Game seed: 13651989639836338288

63 Jase the Agent of Entropy (level 3, 0/46 HPs)
             Began as a Palentonga Abyssal Knight on Sept 2, 2022.
             Was a Priest of Lugonu.
             Slain by a bat (1 damage)
             ... on level 3 of the Dungeon.
             The game lasted 00:05:08 (2047 turns).

Jase the Agent of Entropy (PaAK)                    Turns: 2047, Time: 00:05:08

Health: 0/46       AC: 21    Str: 18    XL:     3   Next: 89%
Magic:  4/5        EV:  1    Int: 18    God:    Lugonu [***...]
Gold:   84         SH:  0    Dex: 10    Spells: 2/2 levels left

rFire   . . .      SeeInvis +   a - +1 mace
rCold   . . .      Faith    .   (no shield)
rNeg    . . .      Spirit   .   (body armour currently unavailable)
rPois   +          Reflect  .   (helmet currently unavailable)
rElec   .          Harm     .   (cloak currently unavailable)
rCorr   .          Rampage  .   (gloves currently unavailable)
Will    .....      NoTele   +   (no barding)
Stlth   +.........              (no amulet)
HPRegen 0.15/turn               b - +6 ring of intelligence
MPRegen 0.09/turn               (no ring)

@: lethally poisoned (0 -> -5), tree-form
A: stationary, stasis, torment immunity, boosted hp, large, rugged brown scales
3, see invisible, (deformed body), (roll 1), (armoured tail)
a: Renounce Religion, Depart the Abyss, Bend Space, Banish


You were on level 3 of the Dungeon.
You worshipped Lugonu.
Lugonu was most pleased with you.
You were a tree.
You visited 1 branch of the dungeon, and saw 3 of its levels.
You visited the Abyss 1 time.

You collected 84 gold pieces.

Inventory:

Hand Weapons
 a - a +1 mace (weapon)
Missiles
 e - 2 throwing nets
Armour
 f - a +0 ring mail (melded)
 i - a +0 helmet (melded)
Jewellery
 b - a +6 ring of intelligence (left branch)
Scrolls
 c - 3 scrolls of teleportation {unknown}
 d - a scroll of vulnerability {unknown}
 g - 2 scrolls of identify {unknown}
 h - 4 scrolls of fear {unknown}
 j - a scroll of blinking {unknown}


   Skills:
 - Level 3.0 Fighting
 + Level 3.2 Maces & Flails
 - Level 1.5 Armour
 - Level 0.7 Dodging
 + Level 3.4 Invocations


You had 2 spell levels left.
You didn't know any spells.
Your spell library was empty.

Dungeon Overview and Level Annotations

Branches:
Dungeon (3/15)

Altars:


Innate Abilities, Weirdness & Mutations

You are a tree.
Your roots penetrate the ground, keeping you stationary.
You cannot be teleported.
You are immune to unholy pain and torment.
Your maximum health is greatly increased.
Your equipment is partially melded.
(You are completely covered in rugged brown scales. (AC +3, +7% HP))
You have supernaturally acute eyesight. (SInv)
((Armour fits poorly on your strangely shaped body.))
((You can roll at nearby foes to attack.))
((You have a long armoured tail.))


Message History

You closely miss the orc. Your punch misses the orc.
The orc is almost dead.
The bat hits you but does no damage. The orc closely misses you.
The endoplasm closely misses you. The bat hits you but does no damage.
The orc barely misses you. The endoplasm barely misses you.
Unknown command.
You hit the orc but do no damage.
The orc is almost dead.
The bat hits you but does no damage. x2
A quokka comes into view.
The orc hits you with a +0 club. The endoplasm hits you.
* * * LOW HITPOINT WARNING * * *
Unknown command.
You hit the orc.
You kill the orc!
Lugonu accepts your kill. The bat hits you but does no damage.
The orc barely misses you. The endoplasm hits you.
* * * LOW HITPOINT WARNING * * *
Unknown command.
Space bends violently around you!
You blink.
The bat hits you but does no damage. x2; The kobold throws a poisoned dart.
The poisoned dart hits you!
You are lethally poisoned!
Unknown command.
It was a potion of lignification.
You turn into a tree.
Your +0 helmet melds into your body.
Your +0 ring mail melds into your body.
Your roots penetrate the ground.
* * * LOW HITPOINT WARNING * * *
You feel very sick. The bat hits you but does no damage.
Unknown command.
You barely miss the bat.
* * * LOW HITPOINT WARNING * * *
You feel very sick.
The bat hits you but does no damage. x2; The kobold barely misses you.
You completely miss the kobold.
* * * LOW HITPOINT WARNING * * *
You feel sick. The bat hits you.
You die...

#...###.## #.#
........####.#
# #
##.........#
###.
#.#.#....######
... #...#...##
#..#...#...#
#.##.##..##
#..K#o..##
#♣bJo.# ####r.#
...# ##..# #..#
...# ####


You could see an orc priest, an orc, an endoplasm, a quokka, a bat and a kobold.

Vanquished Creatures
  An adder (D:2)
  A worm (D:2)
  An orc (D:3)
  4 bats
  9 endoplasms
  4 giant cockroaches
  3 goblins (D:1)
  3 hobgoblins
  4 jackals (D:1)
  2 quokkas
  2 ball pythons (D:2)
  5 frilled lizards
  2 kobolds
  5 rats (D:1)
46 creatures vanquished.

Notes
Turn   | Place    | Note
-------+----------+-------------------------------------------
     0 | Abyss:1  | Jase the Palentonga Abyssal Knight began the quest for the
                  | Orb.
     0 | Abyss:1  | Reached XP level 1. HP: 19/19 MP: 2/2
    34 | Abyss:1  | Found a corrupted altar of Lugonu.
    61 | D:1      | Escaped the Abyss
   339 | D:1      | Reached XP level 2. HP: 25/25 MP: 3/3
   797 | D:1      | Reached XP level 3. HP: 31/31 MP: 5/5
  1092 | D:2      | Reached *** piety under Lugonu
  2046 | D:3      | HP: 2/46 [poisoned by a kobold]
  2047 | D:3      | Slain by a bat

Illustrated notes

Levels and vault maps discovered:
D:1:      giann_wishing_wells, layout_basic, kennysheep_minor_cross
D:2:      layout_loops_corners
D:3:      minmay_bubble_buster, layout_loops_ring,
          hellmonk_ecumenical_altar_zigzags, serial_shops, nicolae_diamond_shop,
          minmay_distorted

Skill      XL: |  1  2  3 |
---------------+----------+-----
Invocations    | 3 |  3.4
Maces & Flails | 3 |  3.2
Fighting       | |  3.0
Armour         | |  1.5
Dodging        | |  0.7

Action                   || total
-------------------------++-------
Melee: Mace              ||   111
       Tailslap          ||    10
       Punch             ||     1
Invok: Bend Space        ||     1
 Abil: Rolling Charge    ||    34
  Use: Potion            ||     1
Armor: Leather armour    ||    22
       Ring mail         ||    19
       Skin              ||     3
Dodge: Dodged            ||    53
